 Dungeon Crawl Stone Soup version 0.31.0-11-ge490571c62 (webtiles) character file.

Game seed: 8664896036588769786

6941 sanka the Grappler (level 10, -1/100 HPs)
             Began as a Troll Monk on Jan 28, 2024.
             Was an Initiate of Ru.
             Slain by a polar bear (shapeshifter) (2 damage)
             ... on level 9 of the Dungeon.
             The game lasted 00:10:44 (6195 turns).

sanka the Grappler (Troll Monk)                     Turns: 6195, Time: 00:10:44

Health: -1/100     AC:  6    Str: 27    XL:     10   Next: 80%
Magic:  9/9        EV: 10    Int:  6    God:    Ru [......]
Gold:   568        SH:  0    Dex: 16    Spells: 9/9 levels left

rFire   . .          .
                       - Unarmed
rCold   . . .        c - orb {light}
rNeg    . . .        e - +0 troll leather armour
rPois   .            F - +0 hat
rElec   .            w - +0 cloak
rCorr   .            (gloves unavailable)
SInv    .            (boots unavailable)
Will    .....        (no amulet)
Stlth   +            C - +6 ring of strength
HPRegen 1.96/turn    (no ring)
MPRegen 0.11/turn

%: no passive effects
@: glowing
A: large, unfitting armour, claws 3, regeneration 1, shaggy fur 1, tough skin 1
a: Renounce Religion, Sacrifice Nimbleness, Sacrifice Artifice, Sacrifice
Purity, Reject Sacrifices


You were on level 9 of the Dungeon.
You worshipped Ru.
Ru was noncommittal.
You visited 1 branch of the dungeon, and saw 9 of its levels.

You collected 568 gold pieces.


Innate Abilities, Weirdness & Mutations

You are too large for most types of armour.
You have claws for hands.
Your natural rate of healing is unusually fast.
You are covered in fur. (AC +1)
You have tough skin. (AC +1)


   Skills:
 + Level 6.4 Fighting
 - Level 2.4 Dodging
 * Level 13.6 Unarmed Combat
 + Level 6.1 Shapeshifting


You had 9 spell levels left.
You didn't know any spells.
Your spell library contained the following spells:

 Spells                   Type           Power      Damage    Failure   Level
 Blink                    Tloc           0%         N/A       63%         2
 Lesser Beckoning         Tloc           0%         N/A       63%         2
 Momentum Strike          Conj/Tloc      0%         3d8       63%         2
 Inner Flame              Hex/Fire       0%         N/A       86%         3
 Flame Wave               Conj/Fire      0%         2d4       99%         4
 Manifold Assault         Tloc           0%         N/A       99%         4
 Sticky Flame             Fire/Alch      0%         2d4       99%         4
 Dispersal                Tloc           0%         N/A       100%        6
 Disjunction              Tloc           0%         N/A       100%        8

Inventory:

Missiles
 E - a curare-tipped dart {=f}
Armour
 a - +0 acid dragon scales
 c - an orb of light (worn)
 e - a +0 troll leather armour (worn)
 w - a +0 cloak (worn)
 F - a +0 hat (worn)
Jewellery
 C - a +6 ring of strength (left claw)
Talismans
 k - a flux talisman
Wands
 v - a wand of charming (1)
 x - a wand of digging (5)
 B - a wand of light (3)
 H - a wand of roots (4)
Scrolls
 f - 2 scrolls of poison {unknown}
 g - 8 scrolls of identify {unknown}
 h - 3 scrolls of noise {unknown}
 m - 2 scrolls of vulnerability {unknown}
 n - 2 scrolls of enchant armour {unknown}
 o - a scroll of acquirement {unknown}
 r - 2 scrolls of teleportation {unknown}
 u - 2 scrolls of revelation {unknown}
 y - 2 scrolls of fear {unknown}
 z - a scroll of fog {unknown}
 A - a scroll of immolation {unknown}
 G - a scroll of amnesia {unknown}
Potions
 b - a potion of ambrosia
 d - 2 potions of brilliance {unknown}
 i - 3 potions of lignification {unknown}
 j - 8 potions of curing {unknown}
 l - a potion of might {unknown}
 p - a potion of berserk rage {unknown}
 q - a potion of haste {unknown}
 s - 2 potions of magic {unknown}
 t - a potion of heal wounds {unknown}
 D - a potion of attraction {unknown}

Dungeon Overview and Level Annotations

Branches:
Dungeon (9/15)             Temple (0/1) D:7             Orc (0/2) D:9
   Lair: D:8-11

Altars:
Ashenzari
Cheibriados
Elyvilon
Hepliaklqana
Kikubaaqudgha
Makhleb
Nemelex Xobeh
Okawaru
Qazlal
Ru
Trog
Uskayaw
Xom
Zin

Shops:
D:2 (   D:8 *

Annotations:
D:6 2 runed translucent doors, flestrin's ghost, novice TrMo

▒▒.▒▒.........
▒▒....)▒▒▒▒▒▒▒▒
▒▒▒▒▒▒▒...▒▒▒▒
▒....▒▒.▒.▒ ▒▒▒▒▒
+....▒▒.▒.▒ ▒....
▒....▒▒.▒+▒▒▒▒ ▒....
▒....▒.......▒ ▒....
▒..h.........▒▒▒▒....
..▒▒▒..▒T▒▒..............
.......▒†▒▒...........[..
.....h.>.▒▒▒▒............
......▒.▒▒▒▒▒............
..... ▒..................
>..▒ ▒▒▒▒▒▒▒▒...........
.. ▒......).... ▒
▒........... ▒...........


You could see a polar bear (berserk).


Message History

You scratch the polar bear but do no damage.
The polar bear is severely wounded.
The polar bear bites you. The polar bear claws you.
The polar bear closely misses you.
You scratch the polar bear.
The polar bear is severely wounded.
The polar bear bites you!!
* * * LOW HITPOINT WARNING * * *
The polar bear closely misses you. The polar bear barely misses you.
You barely miss the polar bear.
The polar bear is severely wounded.
The polar bear bites you!!
* * * LOW HITPOINT WARNING * * *
The polar bear claws you.
* * * LOW HITPOINT WARNING * * *
The polar bear barely misses you.
You claw the polar bear!
The polar bear is almost dead.
The polar bear bites you!
* * * LOW HITPOINT WARNING * * *
The polar bear claws you.
* * * LOW HITPOINT WARNING * * *
The polar bear closely misses you. The polar bear barely misses you.
The polar bear claws you.
* * * LOW HITPOINT WARNING * * *
The polar bear claws you.
You die...

Action                     |  1- 3 |  4- 6 |  7- 9 | 10-12 || total
---------------------------+-------+-------+-------+-------++-------
  Melee: Unarmed           |    89 |    62 |   241 |    88 ||   480
 Invoke: Reject Sacrifices |       |       |     1 |       ||     1
    Use: Potion            |       |     1 |       |       ||     1
   Stab: Sleeping          |       |     1 |       |       ||     1
 Armour: Robe              |    58 |    37 |   124 |       ||   219
         Troll leather arm |       |       |    21 |    88 ||   109
  Dodge: Dodged            |    37 |    30 |    60 |    44 ||   171

Levels and vault maps discovered:
D:1:      minmay_arrival_three_doors, layout_basic,
          minmay_misc_feat_more_columns
D:2:      layout_basic, serial_shops, nicolae_shop_bloodbath_and_beyond,
          chequers_jeans
D:3:      layout_loops_ring
D:4:      layout_cave_pools, chequers_serial_rivers_small_3, uniq_sigmund,
          uniq_blork_the_orc, uniq_edmund, uniq_grinder
D:5:      layout_loops_ring, hangedman_decor_clover_reticule
D:6:      layout_cave_pools, nicolae_overflows_in_rows, ebering_ghost_sewer_f
D:7:      layout_basic, minmay_temple_entry_waves, minmay_chambers_of_fives
D:8:      layout_rooms, mainiacjoe_overflow_chevrons, serial_shops, shop,
          uniq_maggie, uniq_gastronok
D:9:      layout_basic, minmay_orc_entry_guard_dogs, uniq_grum, uniq_maurice,
          uniq_erica

Notes
Turn   | Place    | Note
-------+----------+-------------------------------------------
     0 | D:1      | sanka the Troll Monk began the quest for the Orb.
     0 | D:1      | Reached XP level 1. HP: 22/22 MP: 0/0
    77 | D:1      | Reached XP level 2. HP: 29/29 MP: 1/1
   123 | D:1      | Reached skill level 3 in Fighting
   609 | D:1      | Reached XP level 3. HP: 37/37 MP: 2/2
   872 | D:2      | Found Festrippi's Weapon Shoppe.
  1521 | D:2      | Reached skill level 4 in Unarmed Combat
  1823 | D:3      | Reached XP level 4. HP: 45/45 MP: 3/3
  2005 | D:3      | Reached skill level 5 in Unarmed Combat
  2147 | D:4      | Noticed Blork the orc
  2156 | D:4      | Killed Blork the orc
  2157 | D:4      | Reached XP level 5. HP: 20/53 MP: 4/4
  2206 | D:4      | Noticed Edmund
  2227 | D:4      | HP: 4/45 [Edmund/+5 flail of draining (10)]
  2241 | D:4      | Killed Edmund
  2242 | D:4      | Reached skill level 6 in Unarmed Combat
  2242 | D:4      | Reached XP level 6. HP: 11/58 MP: 5/5
  2308 | D:4      | Noticed Sigmund
  2331 | D:4      | Killed Sigmund
  2332 | D:4      | Reached skill level 7 in Unarmed Combat
  2406 | D:4      | Reached XP level 7. HP: 54/67 MP: 6/6
  2458 | D:4      | Reached skill level 8 in Unarmed Combat
  2626 | D:4      | Noticed Grinder
  2628 | D:4      | Paralysed by Grinder for 2 turns
  2637 | D:4      | Killed Grinder
  2638 | D:4      | Reached skill level 9 in Unarmed Combat
  2780 | D:5      | Entered Level 5 of the Dungeon
  3018 | D:5      | Reached XP level 8. HP: 54/75 MP: 7/7
  3106 | D:5      | Reached skill level 10 in Unarmed Combat
  3364 | D:5      | Reached skill level 1 in Shapeshifting
  3579 | D:6      | Reached skill level 2 in Shapeshifting
  3695 | D:6      | Reached skill level 4 in Fighting
  3701 | D:6      | Reached skill level 11 in Unarmed Combat
  3701 | D:6      | Reached XP level 9. HP: 83/84 MP: 8/8
  3788 | D:6      | Found a runed translucent door.
  3795 | D:6      | Noticed flestrin's ghost (novice TrMo)
  3903 | D:6      | Reached skill level 3 in Shapeshifting
  3964 | D:6      | Found a hide-covered altar of Uskayaw.
  3965 | D:6      | Found a hazy altar of Hepliaklqana.
  3965 | D:6      | Found a burning altar of Makhleb.
  3965 | D:6      | Found a sacrificial altar of Ru.
  3965 | D:6      | Found an ancient bone altar of Kikubaaqudgha.
  3966 | D:6      | Found an iron altar of Okawaru.
  3966 | D:6      | Found a stormy altar of Qazlal.
  3966 | D:6      | Found a broken altar of Ashenzari.
  3966 | D:6      | Found a sparkling altar of Nemelex Xobeh.
  3967 | D:6      | Found a white marble altar of Elyvilon.
  3968 | D:6      | Found a bloodstained altar of Trog.
  3968 | D:6      | Found a shimmering altar of Xom.
  3969 | D:6      | Found a snail-covered altar of Cheibriados.
  3972 | D:6      | Became a worshipper of Ru the Awakened
  4065 | D:6      | Found a runed translucent door.
  4343 | D:7      | Found a staircase to the Ecumenical Temple.
  4462 | D:7      | Reached skill level 4 in Shapeshifting
  4827 | D:7      | Reached skill level 5 in Fighting
  4827 | D:7      | Reached skill level 12 in Unarmed Combat
  5241 | D:8      | Noticed a troll
  5252 | D:8      | Killed a troll
  5324 | D:8      | Identified +0 acid dragon scales
  5324 | D:8      | Noticed Maggie
  5343 | D:8      | Killed Maggie
  5492 | D:8      | Reached XP level 10. HP: 96/96 MP: 9/9
  5673 | D:8      | Found a glowing silver altar of Zin.
  5685 | D:8      | Noticed Gastronok
  5700 | D:8      | Killed Gastronok
  5701 | D:8      | Reached skill level 13 in Unarmed Combat
  5701 | D:8      | Reached skill level 5 in Shapeshifting
  5756 | D:8      | Reached skill level 6 in Fighting
  5850 | D:8      | Found Puateolo's General Store.
  5891 | D:9      | Noticed Grum
  5919 | D:9      | Killed Grum
  6086 | D:9      | Noticed Erica
  6096 | D:9      | Killed Erica
  6097 | D:9      | Reached skill level 6 in Shapeshifting
  6177 | D:9      | Found a staircase to the Orcish Mines.
  6195 | D:9      | HP: 6/100 [polar bear (shapeshifter) (7)]
  6195 | D:9      | HP: 2/100 [polar bear (shapeshifter) (4)]
  6195 | D:9      | Slain by a polar bear (shapeshifter)

Vanquished Creatures
  Gastronok (D:8)
  Erica (D:9)
  Maggie (D:8)
  A troll (D:8)
  Grinder (D:4)
  Sigmund (D:4)
  A warg (D:9)
  Grum (D:9)
  A vampire mosquito (D:7)
  Edmund (D:4)
  3 water moccasins
  4 ice beasts
  An orc warrior (D:7)
  2 sky beasts (D:7)
  2 black bears
  An ogre (D:4)
  4 wolves
  2 centaurs (D:8)
  A phantom (D:6)
  2 kobold brigands (D:8)
  3 bullfrogs
  Blork the orc (D:4)
  3 scorpions
  12 wights
  A howler monkey (D:6)
  A bombardier beetle (D:4)
  2 hounds
  A jelly (D:6)
  4 orc priests
  7 iguanas
  3 sleepcaps
  8 orc wizards
  6 adders
  2 shadow imps
  2 white imps (D:6)
  2 ufetubi (D:7)
  A ribbon worm (D:3)
  32 orcs
  6 bats
  8 endoplasms
  10 goblins
  7 hobgoblins
  2 jackals (D:4)
  3 quokkas
  9 ball pythons
  3 frilled lizards (D:1)
  14 kobolds
  5 rats
190 creatures vanquished.

Vanquished Creatures (others)
  2 kobolds (D:8)
2 creatures vanquished.

Grand Total: 192 creatures vanquished
